 Dungeon Crawl Stone Soup version 0.19-a0-1697-g0595f0e (webtiles) character file.

4061 Amnesiac the Thaumaturge (level 10, -1/50 HPs)
             Began as a Deep Elf Earth Elementalist on Sept 26, 2016.
             Was an Elder of Dithmenos.
             Slain by a yak (12 damage)
             ... on level 9 of the Dungeon.
             The game lasted 00:22:34 (9608 turns).

Amnesiac the Thaumaturge (DEEE)                     Turns: 9608, Time: 00:22:35

Health: -1/50      AC:  6    Str:  5    XL:     10   Next: 5%
Magic:  2/24       EV: 15    Int: 21    God:    Dithmenos [****..]
Gold:   506        SH:  5    Dex: 18    Spells: 5 memorised, 13 levels left

rFire  . . .     SeeInvis .     V - +2 rapier (freeze)
rCold  . . .     Gourm    .     O - +1 robe {MR+}
rNeg   . . .     Faith    .     x - +0 buckler
rPois  .         Spirit   .     v - +0 helmet
rElec  .         Dismiss  .     (no cloak)
rCorr  .         Reflect  .     (no gloves)
MR     +++..     Harm     .     H - +0 pair of boots
Stlth  ++++++....               (no amulet)
                                z - ring of protection from magic
                                m - +2 ring of slaying

@: wreathed by umbra
A: repulsion field 1, wild magic 1
a: Shadow Step, Renounce Religion


You were on level 9 of the Dungeon.
You worshipped Dithmenos.
Dithmenos was greatly pleased with you.
You were hungry.

You visited 2 branches of the dungeon, and saw 10 of its levels.

You collected 506 gold pieces.

Inventory:

Hand Weapons
 b - a +0 halberd
 r - a +3 whip of draining
 t - a +1 dagger
 V - a +2 rapier of freezing (weapon)
Missiles
 a - 183 stones (quivered)
Armour
 v - a +0 helmet (worn)
 x - a +0 buckler (worn)
 H - a +0 pair of boots (worn)
 O - a +1 robe of magic resistance (worn)
Jewellery
 m - a +2 ring of slaying (left hand)
 q - an uncursed ring of fire
 z - a ring of protection from magic (right hand)
Wands
 n - a wand of confusion (36/48)
 T - a wand of paralysis (15/24)
 U - a wand of slowing (27/48)
Scrolls
 f - a scroll of blinking
 h - 3 scrolls of amnesia
 j - a scroll of enchant weapon
 o - 2 scrolls of fear {unknown}
 s - 3 scrolls of recharging {unknown}
 y - 4 scrolls of enchant armour {unknown}
 A - a scroll of brand weapon {unknown}
 C - 5 scrolls of remove curse
 E - 7 scrolls of teleportation {unknown}
 F - 4 scrolls of noise {unknown}
 G - 9 scrolls of identify
 L - a scroll of fog {unknown}
 Q - 2 scrolls of magic mapping {unknown}
 R - a scroll of acquirement {unknown}
Potions
 c - 2 potions of might {unknown}
 g - 2 potions of brilliance {unknown}
 i - a potion of heal wounds {unknown}
 l - 2 potions of resistance {unknown}
 u - 2 potions of cure mutation {unknown}
 B - 2 potions of magic
 D - a potion of ambrosia {unknown}
 J - 3 potions of lignification {unknown}
 K - a potion of haste {unknown}
 M - a potion of curing {unknown}
 N - a potion of berserk rage {unknown}
 P - a potion of invisibility
Books
 e - a book of Geomancy

   Spells                             Type                      Level
   a - Sandblast                      Earth                        1
   b - Passwall                       Transmutation/Earth          2
   c - Stone Arrow                    Conjuration/Earth            3
   d - Petrify                        Transmutation/Earth          4
   e - Lee's Rapid Deconstruction     Earth                        5
 S - a book of Enchantments

   Spells                             Type                      Level
   a - Cause Fear                     Hexes                        4
   b - Yara's Violent Unravelling     Hexes/Transmutation          5
   c - Silence                        Hexes/Air                    5
   d - Deflect Missiles               Charms/Air                   6
   e - Haste                          Charms                       6
   f - Discord                        Hexes                        8
Comestibles
 d - 9 bread rations
 k - 6 meat rations
 p - 4 chunks of flesh
 w - 9 fruits


   Skills:
 - Level 6.0 Short Blades
 - Level 2.4 Dodging
 - Level 8.0 Stealth
 - Level 4.0 Shields
 - Level 8.5 Spellcasting
 - Level 6.0 Transmutations
 + Level 8.1 Earth Magic


You had 13 spell levels left.
You knew the following spells:

 Your Spells              Type           Power        Failure   Level  Hunger
a - Lee's Rapid Deconstr  Erth           ######....   14%         5    #####..
b - Summon Butterflies    Summ           ##......     14%         1    None
e - Petrify               Tmut/Erth      ######..     8%          4    ###....
f - Sandblast             Erth           ######       1%          1    None
v - Passwall              Tmut/Erth      ######....   1%          2    None


Dungeon Overview and Level Annotations

Branches:
Dungeon (9/15)             Temple (1/1) D:4
   Lair: D:8-11         Orc: D:9-12

Altars:
Ashenzari
Cheibriados
Dithmenos
Elyvilon
Fedhas
Gozag
Hepliaklqana
Kikubaaqudgha
Makhleb
Nemelex Xobeh
Okawaru
Qazlal
Ru
Sif Muna
Trog
Uskayaw
Vehumet
Xom
Yredelemnul
Zin
The Shining One

Shops:
D:5 }


Innate Abilities, Weirdness & Mutations

You are surrounded by a mild repulsion field. (EV +2)
Your spells are a little harder to cast, but a little more powerful.


Message History

Casting: Petrify
Confirm with . or Enter, or press ? or * to list all spells.
Aiming: Petrify
Press: ? - help, Shift-Dir - straight line, f - yak, p - yak
Aim: a yak (umbra, chance to defeat MR: 72%)
The yak is moving more slowly.
The yak stops moving altogether!
Unknown command.
You hit the yak but do no damage.
You catch the helpless yak completely off-guard!
You puncture the yak! You freeze the yak.
The yak is moderately wounded.
You block the yak's attack.
You hit the yak. You freeze the yak.
The yak is heavily wounded.
The yak gores you!
* * * LOW HITPOINT WARNING * * *
You hit the yak. You freeze the yak.
The yak is heavily wounded.
The yak gores you!
You die...

#.......#....#..%....#.....#
........#....#.......#.....#
........#....######..#.....#
#.......#....#.......#.....#
.............#....####.....#
.............#†...#........#
.............'....#.....<..#
#.....†......#YY..####.....#
........######..@....###'###
........# ######..#.....#
#.......'.....$ #..#.....#
#.......#...... #........#
#.......####### #........#
#.......#....# #..#######
#.......#....# #........#
#.......#....#########.....#
#..Y.Y..#....'....#..###'###


You could see 2 yaks.

Vanquished Creatures
  A hippogriff (D:5)
  3 yaks (D:9)
  A wyvern (D:9)
  A hungry ghost (D:7)
  A steam dragon (D:9)
  2 sky beasts
  An orc warrior (D:5)
  4 ice beasts
  A black bear (D:7)
  3 ogres
  2 phantoms
  3 centaurs
  3 big kobolds
  5 bullfrogs
  A wyvern zombie (D:6)
  3 scorpions
  A bullfrog zombie (D:5)
  2 crimson imps
  2 hounds
  4 centaur skeletons
  An orc priest (D:7)
  6 worker ants
  3 orc wizards
  2 iguanas
  A killer bee zombie (D:7)
  A hound skeleton (D:8)
  4 gnolls (D:5)
  A howler monkey skeleton (D:5)
  8 adders
  A shadow imp (D:6)
  2 oozes
  2 adder zombies
  An adder skeleton (D:6)
  3 worms
  3 dart slugs
  5 leopard geckos
  12 orcs
  5 bats
  5 giant cockroaches
  6 goblins
  5 hobgoblins
  21 jackals
  A quokka (D:5)
  5 ball pythons
  4 frilled lizards
  A jackal skeleton (D:4)
  18 kobolds
  A leopard gecko skeleton (D:5)
  6 rats
178 creatures vanquished.

Notes
Turn   | Place    | Note
-------+----------+-------------------------------------------
     0 | D:1      | Amnesiac the Deep Elf Earth Elementalist began the quest for the Orb.
     0 | D:1      | Reached XP level 1. HP: 10/10 MP: 6/6
    44 | D:1      | Reached XP level 2. HP: 15/15 MP: 4/8
   354 | D:3      | Reached XP level 3. HP: 19/19 MP: 8/10
   358 | D:3      | Learned a level 2 spell: Passwall
  1028 | D:3      | Reached skill level 5 in Earth Magic
  1028 | D:3      | Reached XP level 4. HP: 17/24 MP: 6/12
  1060 | D:3      | Learned a level 4 spell: Petrify
  1162 | D:4      | Found a staircase to the Ecumenical Temple.
  1205 | Temple   | Entered the Ecumenical Temple
  1286 | Temple   | Became a worshipper of Dithmenos the Shadowed
  2130 | D:1      | Reached * piety under Dithmenos
  2781 | D:2      | Reached XP level 5. HP: 28/28 MP: 8/13
  2893 | D:2      | Learned a level 5 spell: Lee's Rapid Deconstruction
  3220 | D:4      | Reached skill level 1 in Short Blades
  3558 | D:4      | Reached skill level 5 in Spellcasting
  3607 | D:5      | Entered Level 5 of the Dungeon
  3610 | D:5      | Reached XP level 6. HP: 32/32 MP: 12/15
  3707 | D:5      | Reached ** piety under Dithmenos
  3734 | D:5      | Noticed an ice beast
  3737 | D:5      | Killed an ice beast
  3737 | D:5      | Reached skill level 5 in Transmutations
  3818 | D:5      | Reached XP level 7. HP: 31/36 MP: 0/16
  4087 | D:5      | Noticed a hippogriff
  4337 | D:5      | Killed a hippogriff
  4644 | D:5      | Found Raahoor's Gadget Emporium.
  4759 | D:5      | Learned a level 1 spell: Sandblast
  4781 | D:5      | Reached skill level 5 in Stealth
  4918 | D:6      | Reached skill level 5 in Short Blades
  5014 | D:6      | Reached XP level 8. HP: 41/41 MP: 17/17
  5786 | D:7      | Reached *** piety under Dithmenos
  5792 | D:7      | Reached skill level 1 in Shields
  5806 | D:7      | Found a bloodstained altar of Trog.
  5807 | D:7      | Identified Medisken's Handbook of Retrieval
  6625 | D:7      | Reached XP level 9. HP: 45/45 MP: 13/18
  7235 | D:8      | Got a steaming ring mail
  7328 | D:8      | Gained mutation: You are surrounded by a mild repulsion field. (EV +2) [mutagenic meat]
  7331 | D:8      | Gained mutation: Your spells are a little harder to cast, but a little more powerful. [mutagenic meat]
  7576 | D:8      | Learned a level 1 spell: Summon Butterflies
  7603 | D:8      | Identified the cursed +1 ring mail of the Comet {Dex+4} (You found it on level 8 of the Dungeon)
  9439 | D:9      | Reached **** piety under Dithmenos
  9589 | D:9      | Reached XP level 10. HP: 47/50 MP: 14/24
  9608 | D:9      | Slain by a yak

Vault maps used:
D:1:      dpeg_arrival_simpleton_c, serial_curves, eino_curves_02,
          eino_curves_02, minivault_5
D:3:      serial_park_tiny_pond
D:4:      first_bread
D:5:      serial_shops, shop
D:7:      trog_book
Temple:   grunt_wide_crystal_templ

Skill      XL: |  1  2  3  4  5  6  7  8  9 |
---------------+----------------------------+-----
Earth Magic    | 4 5 8 |  8.1
Spellcasting   | 4 5 8 |  8.5
Transmutations | 2 3 5 6 |  6.0
Short Blades   | 1 3 5 6 |  6.0
Stealth        | 5 7 8 |  8.0
Shields        | 3 4 |  4.0
Dodging        | |  2.4

Action                   |  1- 3 |  4- 6 |  7- 9 | 10-12 || total
-------------------------+-------+-------+-------+-------++-------
Melee: Dagger            |       |       |    81 |       ||    81
       Whip              |       |       |    21 |       ||    21
       Rapier            |       |       |    63 |     6 ||    69
Throw: Stone             |       |     1 |       |       ||     1
 Cast: Sandblast         |    29 |   117 |    43 |       ||   189
       Petrify           |       |       |    54 |     4 ||    58
       Passwall          |       |       |    29 |       ||    29
  Use: Scroll            |       |       |     8 |       ||     8
       Potion            |       |       |     1 |       ||     1
 Stab: Petrified         |       |       |    32 |       ||    32
       Sleeping          |       |       |    23 |       ||    23
       Petrifying        |       |       |    11 |     3 ||    14
  Eat: Chunk             |       |     8 |    24 |       ||    32
       Pizza             |       |       |     2 |       ||     2
       Beef jerky        |       |       |     1 |       ||     1
Armor: Robe              |     2 |     3 |    22 |     1 ||    28
Dodge: Dodged            |     5 |    25 |   104 |     4 ||   138
Block: Buckler           |       |       |    23 |     2 ||    25
